 Dungeon Crawl Stone Soup version 0.26-a0-651-gb41185065b (webtiles) character file.

Game seed: 2591598458499105489

(classic levelgen) 1796 EnegeticOcto the Cleaver (level 8, 63/74 HPs)
             Began as a Deep Dwarf Fighter on Oct 17, 2020.
             Quit the game in the Ecumenical Temple.
             The game lasted 00:01:44 (2036 turns).

EnegeticOcto the Cleaver (Deep Dwarf Fighter)       Turns: 2036, Time: 00:01:44

Health: 63/74      AC: 14    Str: 22    XL:     8   Next: 83%
Magic:  3/3        EV:  5    Int:  9    God:
Gold:   144        SH: 10    Dex: 12    Spells: 7/7 levels left

rFire    . . .     SeeInvis .   a - +0 war axe
rCold    . . .     Faith    .   c - +0 kite shield
rNeg     . . .     Spirit   .   x - +0 plate armour
rPois    .         Reflect  .   (no helmet)
rElec    .         Harm     .   t - +0 cloak
rCorr    .         Rampage  .   (no gloves)
MR       +....                  (no boots)
Stlth    ..........             (no amulet)
HPRegen  0.00/turn              (no ring)
MPRegen  0.08/turn              (no ring)

@: non-regenerating
A: damage resistance, heal wounds, sense surroundings 1, no regeneration
a: Heal Wounds


You were in the Ecumenical Temple.
You visited 2 branches of the dungeon, and saw 7 of its levels.

You collected 144 gold pieces.

Inventory:

Hand Weapons
 a - a +0 war axe (weapon)
Missiles
 q - a throwing net (quivered)
Armour
 b - a +0 scale mail
 c - a +0 kite shield (worn)
 o - a +0 chain mail
 t - a +0 cloak (worn)
 x - a +0 plate armour (worn)
Jewellery
 m - an uncursed ring of wizardry {unknown}
 v - an uncursed ring of protection from magic {unknown}
Wands
 k - a wand of disintegration (5)
 n - a wand of paralysis (8)
 p - a wand of iceblast (3) {@v2}
 r - a wand of polymorph (13)
Scrolls
 e - 2 scrolls of immolation {unknown}
 g - 2 scrolls of teleportation {unknown}
 i - 2 scrolls of remove curse {unknown}
 j - 5 scrolls of identify {unknown}
 w - a scroll of noise {unknown}
Potions
 d - a potion of might {@q3}
 f - 2 potions of lignification {unknown}
 h - a potion of flight {unknown}
 l - a potion of degeneration {unknown}
 s - a potion of invisibility {unknown}
 u - 2 potions of magic {unknown}


   Skills:
 + Level 5.3 Fighting
 * Level 8.2 Axes
 + Level 6.4 Armour
 + Level 6.5 Shields


You had 7 spell levels left.
You didn't know any spells.
Your spell library was empty.

Dungeon Overview and Level Annotations

Branches:
Dungeon (6/15)             Temple (1/1) D:6

Altars:
Ashenzari
Cheibriados
Elyvilon
Fedhas
Gozag
Kikubaaqudgha
Okawaru
Qazlal
Ru
Trog
Uskayaw
Vehumet
Wu Jian
Xom
Yredelemnul
The Shining One
Lugonu

Annotations:
D:6 2 exclusions, Jessica


Innate Abilities, Weirdness & Mutations

You are resistant to damage.
You can heal yourself by infusing magical energy.
You passively map a small area around you.
You do not regenerate.


Message History

You hit the orc priest.
The orc priest is almost dead.
You slash the jelly!
You kill the jelly!
You closely miss the orc warrior. You block the orc warrior's attack.
You block the orc priest's attack.
You hit the orc priest.
You kill the orc priest!
You hit the orc warrior but do no damage.
You block the orc warrior's attack.
You slash the orc warrior!
The orc warrior is heavily wounded.
The orc warrior hits you but does no damage.
You hit the orc warrior.
The orc warrior is severely wounded.
The orc warrior hits you with a +0 trident.
You hit the orc warrior.
The orc warrior is severely wounded.
The orc warrior hits you with a +0 trident!
You hit the orc warrior.
The orc warrior is severely wounded.
You block the orc warrior's attack.
You barely miss the orc warrior.
The orc warrior is severely wounded.
The orc warrior hits you with a +0 trident!!
You are too injured to fight recklessly!
You are too injured to fight recklessly!
You are too injured to fight recklessly!
You are too injured to fight recklessly!
You are too injured to fight recklessly!
You are too injured to fight recklessly!
You are too injured to fight recklessly!
You are too injured to fight recklessly!
You are too injured to fight recklessly!
You are too injured to fight recklessly!
You are too injured to fight recklessly!
You are too injured to fight recklessly!
You are too injured to fight recklessly!
You are too injured to fight recklessly!
You are too injured to fight recklessly!
You are too injured to fight recklessly!
Your magical essence is drained by the effort!
You feel much better.
The orc warrior hits you with a +0 trident.
You feel much better.
The orc warrior hits you with a +0 trident!
You slash the orc warrior!
You kill the orc warrior!
No target in view!
No target in view!
No target in view!
No target in view!
No target in view!
No target in view!
No target in view!
Things that are here:
a +0 trident; a +0 plate armour; an orc corpse You start removing your armour.
You continue taking off your +0 chain mail. x4
You finish taking off your +0 chain mail.
You start putting on your armour.
You continue putting on your +0 plate armour. x5
You finish putting on your +0 plate armour.
(D) Dungeon (T) Temple
Where to? (Enter - D:6, ? - help)
There is a stone staircase leading down here.
Things that are here:
a +0 ring mail; an orc corpse
There is a fountain of clear blue water here.
There is a fountain of sparkling water here.
There is a staircase to the Ecumenical Temple here.
You climb downwards.
Welcome to the Ecumenical Temple!
There is a staircase back to the Dungeon here.
Found a corrupted altar of Lugonu.
Found a corrupted altar of Lugonu.
Found four altars.
Found an iron altar of Okawaru.
Found a corrupted altar of Lugonu.
There is an iron altar of Okawaru here.
There is a corrupted altar of Lugonu here.
Found a corrupted altar of Lugonu.
There is a sacrificial altar of Ru here.
Found a blossoming altar of Fedhas.
Found a radiant altar of Vehumet and a white marble altar of Elyvilon.
Found a hide-covered altar of Uskayaw.
There is a white marble altar of Elyvilon here.
There is a radiant altar of Vehumet here.
There is a corrupted altar of Lugonu here.
Found a corrupted altar of Lugonu.
Found two corrupted altars of Lugonu and a bloodstained altar of Trog.
Found a corrupted altar of Lugonu.
Found a corrupted altar of Lugonu.
There is a corrupted altar of Lugonu here.
There is a bloodstained altar of Trog here.
There is a corrupted altar of Lugonu here.
Done exploring.
Done exploring.
Search for what [Enter for "."]? mak Can't find anything matching that.
Are you sure you want to abandon this character and quit the game? (Confirm with "yes".)

#### ##### ###
##_≈###...####_###
##≈≈@.#....≈#.....#
#..⌠._..._#.._.⌠..#
#≈.≈#.#..≈..#.....#
##≈_≈###≈..####_### #####
##### #.≈≈# #### ##
##._.###...###...####..###.
#.....#..#.≈.......#...##..
#..⌠._..≈_..#.§......P..._.
#≈≈...#≈.....≈...≈...#..#..


There were no monsters in sight!

Vanquished Creatures
  Maggie (D:6)
  Menkaure (D:5)
  A water moccasin (D:5)
  An orc warrior (D:6)
  An ice beast (D:6)
  3 ogres
  2 centaurs (D:6)
  A bullfrog (D:6)
  A scorpion (D:5)
  A centaur zombie (D:5)
  2 jellies (D:6)
  4 orc priests
  2 hounds
  An iguana (D:5)
  2 worker ants (D:5)
  3 orc wizards
  A hound zombie (D:5)
  A hound skeleton (D:4)
  7 adders
  2 shadow imps
  An adder zombie (D:5)
  A worm (D:3)
  A dart slug (D:1)
  4 leopard geckos
  19 orcs
  2 bats
  A bat zombie (D:4)
  3 giant cockroaches
  3 goblins
  2 jackals (D:3)
  A quokka (D:6)
  4 frilled lizards
  A jackal skeleton (D:5)
  3 kobolds
  A leopard gecko skeleton (D:5)
  2 rats
87 creatures vanquished.

Vanquished Creatures (others)
  A withered plant (D:6)
1 creature vanquished.

Grand Total: 88 creatures vanquished

Notes
Turn   | Place    | Note
-------+----------+-------------------------------------------
     0 | D:1      | EnegeticOcto the Deep Dwarf Fighter began the quest for the
                  | Orb.
     0 | D:1      | Reached XP level 1. HP: 20/20 MP: 1/1
   115 | D:1      | Reached XP level 2. HP: 25/27 MP: 2/2
   242 | D:3      | Found a stormy altar of Qazlal.
   252 | D:3      | Reached skill level 3 in Axes
   252 | D:3      | Reached XP level 3. HP: 26/33 MP: 3/3
   411 | D:4      | Reached XP level 4. HP: 36/42 MP: 4/4
   701 | D:4      | Found an ancient bone altar of Kikubaaqudgha.
   742 | D:5      | Entered Level 5 of the Dungeon
   749 | D:5      | Reached skill level 4 in Axes
   749 | D:5      | Reached XP level 5. HP: 30/49 MP: 5/5
   800 | D:5      | Noticed an ogre
   815 | D:5      | Killed an ogre
   815 | D:5      | Reached XP level 6. HP: 34/56 MP: 6/6
   881 | D:5      | Reached skill level 5 in Axes
   908 | D:5      | Found a shimmering altar of Xom.
   939 | D:5      | Noticed a water moccasin
   955 | D:5      | Killed a water moccasin
   974 | D:5      | Found a snail-covered altar of Cheibriados.
   979 | D:5      | Reached skill level 5 in Shields
   979 | D:5      | Reached XP level 7. HP: 48/64 MP: 6/6
  1027 | D:5      | Reached skill level 5 in Armour
  1057 | D:5      | Found an ornate altar of the Wu Jian Council.
  1093 | D:5      | Noticed Menkaure
  1104 | D:5      | Killed Menkaure
  1104 | D:5      | Reached skill level 6 in Axes
  1366 | D:6      | Reached XP level 8. HP: 48/73 MP: 5/5
  1442 | D:6      | Noticed Jessica
  1475 | D:6      | Found a glowing golden altar of the Shining One.
  1552 | D:6      | Reached skill level 7 in Axes
  1557 | D:6      | Found a basalt altar of Yredelemnul.
  1624 | D:6      | Noticed Maggie
  1646 | D:6      | Killed Maggie
  1646 | D:6      | Reached skill level 5 in Fighting
  1860 | D:6      | Found a staircase to the Ecumenical Temple.
  1884 | D:6      | Reached skill level 8 in Axes
  1936 | Temple   | Entered the Ecumenical Temple
  2036 | Temple   | Quit the game

Illustrated notes

Levels and vault maps discovered:
D:1:      dpeg_arrival_shrine, layout_loops_cross, minmay_pentomino_s2
D:2:      kennysheep_big_flooded_room, layout_basic
D:3:      layout_basic, grunt_qazlal_clouds
D:4:      layout_rooms, lemuel_zombie_altar_kikubaaqudgha,
          minmay_misc_feat_cross
D:5:      layout_rooms, cheibriados_altar_1, kennysheep_little_box, basic_altar,
          uniq_menkaure
D:6:      layout_basic, yredelemnul_altar_generic, tgw_sif, lemuel_round_altar,
          minmay_temple_entry_nine_rooms, nicolae_zen_rock_garden, uniq_maggie
Temple:   kb_corrupted_temple

Skill      XL: |  1  2  3  4  5  6  7  8 |
---------------+-------------------------+-----
Axes           | 3 4 5 6 8 |  8.2
Fighting       | 3 4 5 |  5.3
Shields        | 4 5 6 |  6.5
Armour         | 4 5 6 |  6.4

Action                   |  1- 3 |  4- 6 |  7- 9 || total
-------------------------+-------+-------+-------++-------
Melee: War axe           |    83 |    83 |   127 ||   293
 Abil: Heal Wounds       |     1 |     6 |    12 ||    19
Armor: Scale mail        |    43 |    18 |       ||    61
       Chain mail        |       |    15 |    45 ||    60
Dodge: Dodged            |    25 |    30 |    25 ||    80
Block: Kite shield       |    46 |    46 |    68 ||   160

Table legend: (Time is in decaauts)
 A = Elapsed time spent in this place.
 B = Non-inter-level travel time spent in this place.
 C = Inter-level travel time spent in this place.
 D = Time resting spent in this place.
 E = Time spent auto-exploring this place.
 F = Levels seen in this place.
 G = Mean time per level.
                   A        B        C        D        E       F      G
               +--------+--------+--------+--------+--------+-----+--------+
         Total |   2130 |   2024 |    106 |      0 |   1363 |   7 |  304.3 |
       Dungeon |   2030 |   1925 |    105 |      0 |   1264 |   6 |  338.3 |
        Temple |     99 |     99 |      0 |      0 |     99 |   1 |   99.0 |
               +--------+--------+--------+--------+--------+-----+--------+

Top non-repeatable levels by time:
     D:6: 679 daAuts
     D:5: 566 daAuts
     D:4: 343 daAuts
     D:3: 237 daAuts
     D:1: 168 daAuts
  Temple: 99 daAuts
     D:2: 35 daAuts
